 Dungeon Crawl Stone Soup version 0.19-a0-719-gcc390b8 (webtiles) character file.

122 Ordine the Changer (level 5, -2/33 HPs)
             Began as an Octopode Transmuter on June 21, 2016.
             Was an Initiate of Cheibriados.
             Slain by a gnoll
             ... wielding a +0 spear
              (8 damage)
             ... on level 3 of the Dungeon.
             The game lasted 00:07:33 (3081 turns).

Ordine the Changer (Octopode Transmuter)            Turns: 3081, Time: 00:07:34

Health: -2/33      AC:  2    Str: 11    XL:     5   Next: 6%
Magic:  5/8        EV: 20    Int: 17    God:    Cheibriados [......]
Gold:   97         SH:  0    Dex: 18    Spells: 2 memorised, 4 levels left

rFire  . . .     SeeInvis .       - Unarmed
rCold  . . .     Gourm    .     (shield currently unavailable)
rNeg   . . .     Faith    .     (helmet currently unavailable)
rPois  x         Spirit   .     (no amulet)
rElec  .         Dismiss  .     (no ring)
rCorr  .         Reflect  .     (no ring)
SustAt .         Harm     .     (no ring)
MR     .....                    (no ring)
Stlth  +++.......               (no ring)
                                (no ring)
                                (no ring)
                                (no ring)

@: spider-form (expiring), hasted, quick, not resistant to hostile enchantments,
fairly stealthy
A: almost no armour, (amphibious), 8 rings, (constrict 8), (camouflage 0),
(gelatinous body 0)
a: End Transformation, Bend Time, Renounce Religion


You were on level 3 of the Dungeon.
You worshipped Cheibriados.
Cheibriados was noncommittal.
You were hungry.
You were a venomous arachnid creature.
You visited 1 branch of the dungeon, and saw 3 of its levels.

You collected 97 gold pieces.

Inventory:

Armour
 d - a +0 buckler
Scrolls
 e - a scroll of enchant weapon
 j - 2 scrolls of identify
Potions
 a - a potion of might
 g - 2 potions of brilliance
Books
 b - a book of Changes

   Spells                             Type                      Level
   a - Beastly Appendage              Transmutation                1
   b - Sticks to Snakes               Transmutation                2
   c - Spider Form                    Transmutation/Poison         3
   d - Ice Form                       Ice/Transmutation            4
   e - Blade Hands                    Transmutation                5
Comestibles
 c - 2 bread rations
 f - a beef jerky
 h - a meat ration


   Skills:
 - Level 1.0 Fighting
 - Level 2.0 Dodging
 + Level 3.4 Stealth
 - Level 3.0 Unarmed Combat
 - Level 2.0 Spellcasting
 * Level 4.3 Transmutations


You had 4 spell levels left.
You knew the following spells:

 Your Spells              Type           Power        Failure   Level  Hunger
a - Spider Form           Tmut/Pois      #.........   45%         3    ###....
i - Beastly Appendage     Tmut           ###...       12%         1    #......


Dungeon Overview and Level Annotations

Branches:
Dungeon (3/15)

Altars:
Cheibriados
Sif Muna
Vehumet


Innate Abilities, Weirdness & Mutations

You cannot wear most types of armour.
((You are amphibious.))
You can wear up to eight rings at the same time.
((You can use your tentacles to constrict eight enemies at once.))
((Your skin changes colour to match your surroundings (Stealth+).))
((Your rubbery body absorbs attacks. (AC +1)))


Message History

You hit the gnoll.
The gnoll looks as sick as possible!
The gnoll is heavily wounded.
The gnoll completely misses you. The gnoll hits you with a club.
* * * LOW HITPOINT WARNING * * *
You hit the gnoll.
The gnoll is poisoned.
The gnoll is lightly wounded.
The gnoll hits you but does no damage.
You hit the gnoll.
The gnoll looks as sick as possible!
The gnoll is moderately wounded.
You kill the gnoll!
Cheibriados thoroughly appreciates the change of pace.
You have reached level 5!
You feel stronger. The gnoll barely misses you.
A gnoll comes into view. It is wielding a spear.
It was a potion of haste.
You feel yourself speed up.
Cheibriados forgives your accidental hurry, just this once.
The gnoll shouts!
The gnoll hits you with a spear!
You die...

#.########.. ## #.#
#.. .. #.### #.. #.
###...######.. #.
#............. # #(
#.#.#.#######. ##g#.
#.#.#.# #.
#...)####.#.#.# ###.
#.gs†.....#.#####...
#...#######...........
### ###.#####.##
#.#####.## #.........
#######.## #.# #.#
#.##


You could see 2 gnolls.

Vanquished Creatures
  2 gnolls (D:3)
  2 adders (D:2)
  4 worms
  2 dart slugs
  3 giant geckos
  2 giant cockroaches
  11 goblins
  7 hobgoblins
  8 kobolds
  2 quokkas (D:2)
  3 ball pythons
  12 bats
  3 giant newts
  4 rats
65 creatures vanquished.

Notes
Turn   | Place    | Note
--------------------------------------------------------------
     0 | D:1      | Ordine the Octopode Transmuter began the quest for the Orb.
     0 | D:1      | Reached XP level 1. HP: 13/13 MP: 3/3
     4 | D:1      | Noticed a merfolk zombie
     8 | D:1      | Noticed a merfolk zombie
    13 | D:1      | Noticed a merfolk zombie
    19 | D:1      | Noticed a minotaur zombie
   272 | D:1      | Reached skill level 1 in Stealth
   450 | D:1      | Reached XP level 2. HP: 12/18 MP: 5/5
   885 | D:1      | Reached skill level 3 in Transmutations
   931 | D:1      | Reached XP level 3. HP: 10/23 MP: 6/6
   938 | D:1      | Learned a level 3 spell: Spider Form
  2183 | D:2      | Reached XP level 4. HP: 28/28 MP: 3/7
  2346 | D:2      | Reached skill level 4 in Transmutations
  2408 | D:2      | Found a snail-covered altar of Cheibriados.
  2415 | D:2      | Became a worshipper of Cheibriados the Contemplative
  2554 | D:2      | Found a radiant altar of Vehumet.
  2555 | D:2      | Found a deep blue altar of Sif Muna.
  3080 | D:3      | Reached XP level 5. HP: 6/33 MP: 5/8
  3081 | D:3      | Slain by a gnoll

Vault maps used:
D:1:      shiori_arrival_whats_in_store_for_you
D:2:      lemuel_round_altar, gammafunk_temple_overflow_pools, first_bread,
          kennysheep_generic_room_7
D:3:      grunt_decor_clamped

Skill      XL: |  1  2  3  4 |
---------------+-------------+-----
Stealth        | 1 2 3 |  3.4
Transmutations | 3 4 |  4.3
Fighting       | |  1.0
Dodging        | |  2.0
Unarmed Combat | |  3.0
Spellcasting   | |  2.0

Action                   |  1- 3 |  4- 6 || total
-------------------------+-------+-------++-------
Melee: Unarmed           |    97 |    52 ||   149
       Constrict         |    22 |    11 ||    33
       Tentacles         |    11 |     6 ||    17
       Punch             |     1 |       ||     1
 Cast: Spider Form       |     3 |     1 ||     4
  Use: Scroll            |     6 |     2 ||     8
       Potion            |       |     1 ||     1
 Stab: Sleeping          |    12 |     5 ||    17
  Eat: Chunk             |     4 |     3 ||     7
Armor: Skin              |    10 |     2 ||    12
Dodge: Dodged            |    63 |    43 ||   106
